 Dungeon Crawl Stone Soup version 0.19.4-8-ga85b6b9 (webtiles) character file.

16 protoss039 the Magician (level 2, 0/17 HPs)
             Began as a High Elf Wizard on Feb 8, 2017.
             Slain by a kobold
             ... wielding a +0 dagger
              (2 damage)
             ... on level 1 of the Dungeon.
             The game lasted 00:05:54 (810 turns).

protoss039 the Magician (High Elf Wizard)            Turns: 810, Time: 00:05:55

Health: 0/17       AC:  2    Str:  6    XL:     2   Next: 41%
Magic:  2/8        EV: 12    Int: 21    God:
Gold:   0          SH:  0    Dex: 13    Spells: 2 memorised, 6 levels left

rFire  . . .     SeeInvis .     (no weapon)
rCold  . . .     Gourm    .     a - +0 robe
rNeg   . . .     Faith    .     (no shield)
rPois  .         Spirit   .     b - +0 hat
rElec  .         Reflect  .     (no cloak)
rCorr  .         Harm     .     (no gloves)
MR     .....                    (no boots)
Stlth  ++........               (no amulet)
                                (no ring)
                                (no ring)

@: very slightly contaminated
A: no striking features
a: no special abilities


You were on level 1 of the Dungeon.
You were not hungry.

You visited 1 branch of the dungeon, and saw 1 of its levels.

Inventory:

Armour
 a - a +0 robe (worn)
 b - a +0 hat (worn)
Scrolls
 h - a scroll of random uselessness {unknown}
Potions
 e - a potion of agility {unknown}
 f - a potion of heal wounds {unknown}
 g - a potion of magic {unknown}
Books
 c - a book of Minor Magic

   Spells                             Type                      Level
   a - Magic Dart                     Conjuration                  1
   b - Blink                          Translocation                2
   c - Call Imp                       Summoning                    2
   d - Repel Missiles                 Charms/Air                   2
   e - Slow                           Hexes                        2
   f - Conjure Flame                  Conjuration/Fire             3
   g - Mephitic Cloud                 Conjuration/Poison/Air       3
Comestibles
 d - a bread ration
 i - a chunk of flesh


   Skills:
 - Level 2.1 Dodging
 - Level 2.1 Stealth
 + Level 4.3 Spellcasting
 * Level 1.4 Conjurations
   Level 0.8 Summonings
 - Level 1.1 Translocations


You had 6 spell levels left.
You knew the following spells:

 Your Spells              Type           Power        Failure   Level  Hunger
a - Magic Dart            Conj           ##..         8%          1    None
b - Blink                 Tloc           N/A          12%         2    #......


Dungeon Overview and Level Annotations

Branches:
Dungeon (1/15)

Altars:


Message History

Aim: a kobold, wielding a dagger The magic dart hits the kobold.
The kobold is severely wounded.
The kobold hits you but does no damage.
You see here 2 stones.
A kobold comes into view. It is wielding a dagger.
The kobold shouts!
Items here: )) †† a club; a dagger; a goblin corpse; a kobold corpse A giant cockroach comes into view.
The giant cockroach moves out of view.
The kobold throws a stone.
The stone hits you but does no damage.
A hobgoblin comes into view. It is wielding a club.
You see here a stone.
The kobold throws a stone.
The stone hits you but does no damage.
You see here a stone.
You barely miss the giant cockroach. The giant cockroach bites you.
* * * LOW HITPOINT WARNING * * *
The kobold hits you with a dagger.
You die...

.###....#)......# ..
#....#.......# .g....
#...........>. ......#
#....#.......# ..... .###
#............. .........#
#....######### ......
#.###....########
......##................
..K...K.K@s..........###
#.....g#####.########
#......#####...(...####
........g..J.(#####....###
.#......#####...[.........
######## ##########...#
###.. ###


You could see a giant cockroach, a hobgoblin and 3 kobolds.

Vanquished Creatures
  A dart slug (D:1)
  2 giant cockroaches (D:1)
  A goblin (D:1)
  4 hobgoblins (D:1)
  2 kobolds (D:1)
  A bat (D:1)
  A frilled lizard (D:1)
  A rat (D:1)
13 creatures vanquished.

Vanquished Creatures (others)
  3 plants (D:1)
3 creatures vanquished.

Grand Total: 16 creatures vanquished

Notes
Turn   | Place    | Note
-------+----------+-------------------------------------------
     0 | D:1      | protoss039 the High Elf Wizard began the quest for the Orb.
     0 | D:1      | Reached XP level 1. HP: 11/11 MP: 6/6
   140 | D:1      | Reached skill level 4 in Spellcasting
   262 | D:1      | Reached XP level 2. HP: 5/17 MP: 0/8
   292 | D:1      | Learned a level 2 spell: Blink
   810 | D:1      | Slain by a kobold

Skill      XL: |  1 |
---------------+----+-----
Spellcasting   | 4 |  4.3
Dodging        | |  2.1
Stealth        | |  2.1
Conjurations   | |  1.4
Summonings     | |  0.8
Translocations | |  1.1

Action                   || total
-------------------------++-------
Melee: Unarmed           ||    39
 Cast: Magic Dart        ||    41
       Blink             ||     5
Armor: Robe              ||    23
Dodge: Dodged            ||    57
